 Dungeon Crawl Stone Soup version 0.27-a0-1139-g28e009f8a6 (webtiles) character file.

Game seed: 10013783158783653403

36 DogServant the Ruffian (level 3, -1/28 HPs)
             Began as a Draconian Transmuter on May 7, 2021.
             Slain by a gnoll
             ... wielding a +0 whip
              (10 damage)
             ... on level 1 of the Dungeon.
             The game lasted 00:01:42 (1085 turns).

DogServant the Ruffian (Draconian Transmuter)       Turns: 1085, Time: 00:01:43

Health: -1/28      AC:  5    Str: 13    XL:     3   Next: 19%
Magic:  6/6        EV: 12    Int: 13    God:
Gold:   32         SH:  0    Dex: 11    Spells: 3/6 levels left

rFire    . . .     SeeInvis .     - Unarmed
rCold    . . .     Faith    .   (no shield)
rNeg     . . .     Spirit   .   (armour unavailable)
rPois    .         Reflect  .   (helmet restricted)
rElec    .         Harm     .   (no cloak)
rCorr    .         Rampage  .   (no gloves)
Will     .....                  (no boots)
Stlth    +.........             (no amulet)
HPRegen  0.09/turn              (no ring)
MPRegen  0.10/turn              (no ring)

@: no status effects
A: AC +5, unfitting armour, cold-blooded
a: no special abilities


You were on level 1 of the Dungeon.
You visited 1 branch of the dungeon, and saw 2 of its levels.

You collected 32 gold pieces.

Inventory:

Missiles
 b - 3 silver boomerangs
Scrolls
 a - 2 scrolls of identify {unknown}


   Skills:
 - Level 1.1 Fighting
 - Level 1.7 Dodging
 + Level 3.7 Unarmed Combat
 - Level 2.0 Spellcasting
 + Level 2.9 Transmutations


You had 3 spell levels left.
You knew the following spells:

 Your Spells              Type           Power      Damage    Failure   Level
a - Beastly Appendage     Tmut           18%        N/A       8%          1
b - Wereblood             Tmut           9%         N/A       12%         2

Your spell library contained the following spells:

 Spells                   Type           Power      Damage    Failure   Level
 Spider Form              Tmut/Pois      2%         N/A       38%         3
 Ice Form                 Ice/Tmut       5%         N/A       80%         4
 Hydra Form               Tmut           4%         N/A       91%         5


Dungeon Overview and Level Annotations

Branches:
Dungeon (2/15)

Altars:


Innate Abilities, Weirdness & Mutations

Your plain brown scales are hard. (AC +5)
You cannot fit into any form of body armour.
You are cold-blooded and may be slowed by cold attacks.


Message History

You start resting.
HP restored.
Casting: Beastly Appendage (safe; 8% risk of failure)
Confirm with . or Enter, or press ? or * to list all spells.
You grow a pair of large bovine horns.
Your feet morph into talons.
You climb downwards.
The jackal misses you. The jackal closely misses you.
There is a stone staircase leading up here.
The gnoll hits the bush but does no damage.
The jackal closely misses you.
You climb upwards.
There is a stone staircase leading down here.
You hit the jackal. You headbutt the jackal.
You kill the jackal!
Your transformation is almost over.
You see here a jackal corpse.
There is a stone staircase leading down here.
Magic restored.
You climb downwards.
The gnoll hits you with a +0 whip!
There is a stone staircase leading up here.
The gnoll hits you with a +0 whip. The jackal bites you.
The gnoll hits you from afar with a +0 spear.
You climb upwards.
There is a stone staircase leading down here.
You barely miss the gnoll. Your headbutt misses the gnoll.
You tail-slap the gnoll.
The gnoll is lightly wounded.
The jackal bites you but does no damage.
The gnoll hits you with a +0 whip.
You hit the gnoll. Your kick misses the gnoll.
The gnoll is heavily wounded.
The jackal bites you. The gnoll barely misses you.
The jackal bites you but does no damage.
You hit the gnoll. Your headbutt misses the gnoll. You tail-slap the gnoll.
The gnoll is almost dead.
Your horns disappear.
Your talons disappear.
The gnoll closely misses you. The jackal closely misses you.
You barely miss the gnoll.
The gnoll is almost dead.
The jackal barely misses you. The gnoll hits you with a +0 whip!
You die...

#......................
#.............###......
#......................
#..............#.......
##########.###.##......
#.###.########
#####.#...########
#g................
#@h...............
#######.########## #.#
#.# #.# ############.##
#.............#########
#.....(..........#.....
#(............##.#.....


You could see a gnoll and a jackal.

Vanquished Creatures
  A ball python (D:1)
  4 endoplasms (D:1)
  2 giant cockroaches (D:1)
  3 goblins
  2 hobgoblins (D:1)
  10 jackals (D:1)
  2 kobolds (D:1)
  A quokka (D:1)
  2 bats (D:1)
  A frilled lizard (D:1)
  A rat (D:1)
29 creatures vanquished.

Notes
Turn   | Place    | Note
-------+----------+-------------------------------------------
     0 | D:1      | DogServant the Draconian Transmuter began the quest for the
                  | Orb.
     0 | D:1      | Reached XP level 1. HP: 16/16 MP: 3/3
   100 | D:1      | Reached XP level 2. HP: 15/23 MP: 3/5
   390 | D:1      | Learned a level 2 spell: Wereblood
   491 | D:1      | Reached XP level 3. HP: 17/28 MP: 6/6
  1085 | D:1      | Slain by a gnoll

Illustrated notes

Levels and vault maps discovered:
D:1:      dpeg_arrival_triangle_fractal, layout_basic
D:2:      layout_loops_ring, shapermc_ecumenical_altar_hornbeckon, serial_shops,
          shop, serial_forest, infiniplex_forest_lined_2,
          infiniplex_forest_straight_2, infiniplex_forest_clump_tiny,
          infiniplex_forest_clump_small, infiniplex_forest_lined_corner,
          infiniplex_forest_zigzag_1, infiniplex_forest_clump_curved,
          infiniplex_forest_zigzag_1, serial_park_tiny_2, grunt_decor_cap,
          minmay_cupped, uniq_crazy_yiuf_cottage, uniq_natasha

Action                   || total
-------------------------++-------
Melee: Unarmed           ||    69
       Kick              ||    13
       Tailslap          ||     9
       Headbutt          ||     8
       Punch             ||     1
 Cast: Beastly Appendage ||    15
Armor: Skin              ||    16
Dodge: Dodged            ||    52

Table legend: (Time is in decaauts)
 A = Elapsed time spent in this place.
 B = Non-inter-level travel time spent in this place.
 C = Inter-level travel time spent in this place.
 D = Time resting spent in this place.
 E = Time spent auto-exploring this place.
 F = Levels seen in this place.
 G = Mean time per level.
                   A        B        C        D        E       F      G
               +--------+--------+--------+--------+--------+-----+--------+
         Total |   1083 |   1058 |     25 |     34 |    850 |   2 |  541.5 |
       Dungeon |   1083 |   1058 |     25 |     34 |    850 |   2 |  541.5 |
               +--------+--------+--------+--------+--------+-----+--------+

Top non-repeatable levels by time:
     D:1: 1044 daAuts
     D:2: 38 daAuts
